 Dungeon Crawl Stone Soup version 0.29-a0-551-gffc1d7fb78 (webtiles) character file.

Game seed: 2113671396292180614

1060 happo123 the Sneak (level 8, -13/46 HPs)
             Began as a Kobold Enchanter on June 5, 2022.
             Was an Initiate of Wu Jian.
             Mangled by Duvessa
             ... wielding a +2 rapier of electrocution
              (16 damage)
             ... on level 5 of the Dungeon.
             The game lasted 00:23:55 (5381 turns).

happo123 the Sneak (Kobold Enchanter)               Turns: 5381, Time: 00:23:56

Health: -13/46     AC:  5    Str:  5    XL:     8   Next: 52%
Magic:  0/13       EV: 16    Int: 24    God:    Wu Jian [......]
Gold:   191        SH:  0    Dex: 16    Spells: 4/14 levels left

rFire   . . .      SeeInvis .   f - +1 dagger (venom)
rCold   . . .      Faith    .   (no shield)
rNeg    . . .      Spirit   .   b - +0 robe
rPois   .          Reflect  .   v - +2 hat
rElec   .          Harm     .   (no cloak)
rCorr   .          Rampage  .   (no gloves)
Will    .....                   n - +0 pair of boots
Stlth   ++++......              (no amulet)
HPRegen 0.15/turn               x - +6 ring of intelligence
MPRegen 0.13/turn               (no ring)

@: confusing by touch
A: small, no large weapons, nightstalker 3
a: Renounce Religion


You were on level 5 of the Dungeon.
You worshipped Wu Jian.
Wu Jian was noncommittal.
You visited 2 branches of the dungeon, and saw 6 of its levels.

You collected 191 gold pieces.

Inventory:

Hand Weapons
 a - a +1 dagger
 f - a +1 dagger of venom (weapon)
 q - a +0 triple crossbow
Armour
 b - a +0 robe (worn)
 k - a +0 helmet
 n - a +0 pair of boots (worn)
 v - a +2 hat (worn)
Jewellery
 x - a +6 ring of intelligence (left hand)
 y - an amulet of guardian spirit
Wands
 z - a wand of flame (8)
Scrolls
 e - 2 scrolls of blinking {unknown}
 g - a scroll of noise {unknown}
 h - 2 scrolls of identify {unknown}
 l - a scroll of magic mapping {unknown}
 m - 2 scrolls of teleportation {unknown}
 o - a scroll of summoning {unknown}
 r - 2 scrolls of immolation {unknown}
 t - a scroll of poison {unknown}
Potions
 c - 2 potions of invisibility
 d - 4 potions of heal wounds {unknown}
 i - a potion of attraction {unknown}
 j - 2 potions of degeneration {unknown}
 p - a potion of brilliance {unknown}
 s - a potion of berserk rage {unknown}
 u - a potion of flight {unknown}
 w - a potion of curing {unknown}


   Skills:
 + Level 3.1 Fighting
 + Level 4.0 Short Blades
 * Level 4.7 Crossbows
 + Level 4.6 Dodging
 + Level 6.2 Stealth
 + Level 3.7 Spellcasting
 * Level 5.6 Hexes


You had 4 spell levels left.
You knew the following spells:

 Your Spells              Type           Power      Damage    Failure   Level
a - Ensorcelled Hibernat  Hex/Ice        36%        N/A       4%          2
b - Confusing Touch       Hex            31%        N/A       3%          3
c - Tukima's Dance        Hex            31%        N/A       3%          3
d - Searing Ray           Conj           8%         2d4       16%         2

Your spell library contained the following spells:

 Spells                   Type           Power      Damage    Failure   Level
 Magic Dart               Conj           16%        1d3       10%         1
 Dazzling Flash           Conj/Hex       36%        N/A       10%         3
 Fulminant Prism          Conj/Hex       9%         3d7       30%         4


Dungeon Overview and Level Annotations

Branches:
Dungeon (5/15)             Temple (1/1) D:4

Altars:
Ashenzari
Cheibriados
Elyvilon
Fedhas
Gozag
Hepliaklqana
Kikubaaqudgha
Makhleb
Nemelex Xobeh
Qazlal
Ru
Sif Muna
Wu Jian
Xom
Zin

Shops:
D:3 [

Annotations:
D:5 Duvessa


Innate Abilities, Weirdness & Mutations

You are small and have problems with some larger weapons.
You are completely attuned to the shadows.


Message History

The ice beast seems less confused.
The ice beast closely misses you.
You closely miss the ice beast.
The ice beast is almost dead.
The ice beast hits you. The ice beast freezes you!
* * * LOW HITPOINT WARNING * * *
You hear a shout!
Casting: Confusing Touch (dangerous; 3% risk of failure)
Confirm with . or Enter, or press ? or * to list all spells.
Your hands begin to glow red.
The ice beast completely misses you.
You barely miss the ice beast.
The ice beast is almost dead.
Duvessa rages.
You hit the ice beast but do no damage.
The ice beast appears confused.
The ice beast is almost dead.
The ice beast hits you but does no damage.
You catch the helpless ice beast completely off-guard!
You puncture the ice beast!
You kill the ice beast!
The Council accepts your kill.
An ufetubus comes into view.
Your Fighting skill increases to level 3!
Your Short Blades skill increases to level 4!
Casting: Confusing Touch (dangerous; 3% risk of failure)
Confirm with . or Enter, or press ? or * to list all spells.
Your hands begin to glow red.
Duvessa hits you with a +2 rapier of electrocution!
* * * LOW HITPOINT WARNING * * *
Duvessa closely misses you.
You hit Duvessa but do no damage.
Duvessa is moderately wounded.
Duvessa misses you.
You hit Duvessa but do no damage.
Duvessa is moderately wounded.
Duvessa barely misses you.
The shadow imp shouts, "Crawl home, thou quaking boil-brained toady!"
You hit Duvessa but do no damage.
Duvessa is moderately wounded.
Duvessa completely misses you.
Duvessa hits you with a +2 rapier of electrocution!
You die...

.....#.. ..#
#.# #.##.####
### #.## #.#
# #..# #..
###.### ....
####.....# .
#........#
#.##.#...#
#)##.....#
#@##.##..#
#e##.##..
#55......
####.#### #.#
#########.#
...........#
......†.)####
.._......#


You could see Duvessa (berserk), a shadow imp and an ufetubus.

Vanquished Creatures
  Edmund (D:4)
  A water moccasin (D:3)
  A black bear (D:4)
  An ice beast (D:5)
  A necrophage (D:4)
  A scorpion (D:3)
  Dowan (D:5)
  A howler monkey (D:4)
  2 jellies (D:5)
  4 iguanas
  Natasha (thrice) (D:2)
  An orc wizard (D:4)
  7 adders
  3 worms
  A dart slug (D:3)
  15 orcs
  7 ball pythons
  3 endoplasms
  4 giant cockroaches
  12 goblins
  15 hobgoblins
  4 jackals (D:4)
  7 quokkas
  A bat (D:3)
  3 frilled lizards
  10 kobolds
  7 rats
117 creatures vanquished.

Notes
Turn   | Place    | Note
-------+----------+-------------------------------------------
     0 | D:1      | happo123 the Kobold Enchanter began the quest for the Orb.
     0 | D:1      | Reached XP level 1. HP: 10/10 MP: 3/3
   384 | D:1      | Reached XP level 2. HP: 15/15 MP: 5/5
   387 | D:1      | Learned a level 2 spell: Ensorcelled Hibernation
   849 | D:1      | Reached XP level 3. HP: 20/20 MP: 6/6
   853 | D:1      | Learned a level 3 spell: Confusing Touch
  1838 | D:2      | Noticed Natasha
  1842 | D:2      | Killed Natasha
  1843 | D:2      | Reached skill level 1 in Fighting
  1843 | D:2      | Reached XP level 4. HP: 25/25 MP: 7/7
  2260 | D:2      | Noticed Natasha
  2266 | D:2      | Killed Natasha
  2267 | D:2      | Reached XP level 5. HP: 25/29 MP: 5/8
  2297 | D:2      | Learned a level 3 spell: Tukima's Dance
  2404 | D:2      | Noticed Natasha
  2417 | D:2      | Killed Natasha
  2800 | D:3      | Found Xehaifi's Armour Emporium.
  3148 | D:3      | Reached skill level 1 in Crossbows
  3148 | D:3      | Reached XP level 6. HP: 35/35 MP: 5/10
  3150 | D:3      | Reached skill level 5 in Stealth
  3348 | D:3      | Noticed a water moccasin
  3354 | D:3      | Killed a water moccasin
  3443 | D:3      | Found a faded altar of an unknown god.
  3841 | D:4      | Reached XP level 7. HP: 40/40 MP: 11/11
  4033 | D:4      | Found a sacrificial altar of Ru.
  4067 | D:4      | Found a white marble altar of Elyvilon.
  4282 | D:4      | Found a sparkling altar of Nemelex Xobeh.
  4529 | D:4      | Found a staircase to the Ecumenical Temple.
  4535 | Temple   | Entered the Ecumenical Temple
  4630 | Temple   | Became a worshipper of the Wu Jian Council
  4684 | D:4      | Reached skill level 5 in Hexes
  4896 | D:4      | Noticed Edmund
  4899 | D:4      | Killed Edmund
  5004 | D:4      | Reached XP level 8. HP: 38/45 MP: 6/13
  5134 | D:5      | Entered Level 5 of the Dungeon
  5306 | D:5      | Found a glowing silver altar of Zin.
  5313 | D:5      | Reached skill level 6 in Stealth
  5315 | D:5      | Found an ancient bone altar of Kikubaaqudgha.
  5315 | D:5      | Found a blossoming altar of Fedhas.
  5329 | D:5      | Learned a level 2 spell: Searing Ray
  5350 | D:5      | Noticed Duvessa
  5351 | D:5      | Noticed Dowan
  5363 | D:5      | Killed Dowan
  5381 | D:5      | Mangled by Duvessa

Illustrated notes

Levels and vault maps discovered:
D:1:      sevenhm_arrival_forest_fort_large_4, layout_rooms
D:2:      layout_rooms, chequers_serial_rivers_micro_e, uniq_natasha
D:3:      cheibrodos_old_hovel, layout_loops_cross, serial_shops, shop,
          ebering_ecumenical_altar_hall
D:4:      nicolae_cairo_tiling, layout_loops_ring, overflow_temple_1_default,
          mainiacjoe_overflow_cross_hatched, nicolae_overflow_crystal_walls,
          temple_statues, uniq_edmund
D:5:      layout_loops_cross, grunt_temple_overflow_open, uniq_duvessa
Temple:   dpeg_three_leaves_temple

Skill      XL: |  1  2  3  4  5  6  7  8 |
---------------+-------------------------+-----
Dodging        | 3 4 |  4.6
Fighting       | 1 2 3 |  3.1
Short Blades   | 2 3 4 |  4.0
Hexes          | 4 5 |  5.6
Crossbows      | 1 2 3 4 |  4.7
Stealth        | 5 6 |  6.2
Spellcasting   | 3 |  3.7

Action                   |  1- 3 |  4- 6 |  7- 9 || total
-------------------------+-------+-------+-------++-------
Melee: Dagger            |    71 |    37 |    64 ||   172
       Punch             |       |       |     1 ||     1
 Fire: Triple crossbow   |       |    19 |    25 ||    44
 Cast: Ensorcelled Hiber |    18 |    20 |    18 ||    56
       Confusing Touch   |       |       |     5 ||     5
       Searing Ray       |       |       |     1 ||     1
Invok: Lunge             |       |       |     4 ||     4
 Stab: Sleeping          |    29 |    22 |    22 ||    73
       Distracted        |     1 |       |       ||     1
       Confused          |       |       |     3 ||     3
Armor: Robe              |     2 |    11 |    18 ||    31
Dodge: Dodged            |    34 |    23 |    63 ||   120

Table legend: (Time is in decaauts)
 A = Elapsed time spent in this place.
 B = Non-inter-level travel time spent in this place.
 C = Inter-level travel time spent in this place.
 D = Time resting spent in this place.
 E = Time spent auto-exploring this place.
 F = Levels seen in this place.
 G = Mean time per level.
                   A        B        C        D        E       F      G
               +--------+--------+--------+--------+--------+-----+--------+
         Total |   5401 |   4815 |    586 |    360 |   3634 |   6 |  900.2 |
       Dungeon |   5297 |   4739 |    558 |    360 |   3571 |   5 | 1059.4 |
        Temple |    103 |     75 |     28 |      0 |     63 |   1 |  103.0 |
               +--------+--------+--------+--------+--------+-----+--------+

Top non-repeatable levels by time:
     D:1: 1543 daAuts
     D:3: 1289 daAuts
     D:4: 1173 daAuts
     D:2: 1042 daAuts
     D:5: 248 daAuts
  Temple: 103 daAuts
